 Dungeon Crawl Stone Soup version 0.30.0-19-g36f170ea60 (webtiles) character file.

Game seed: 4588365643849477463

103 Groucho the Grasshopper (level 4, -1/38 HPs)
             Began as an Armataur Warper on May 26, 2023.
             Slain by Grinder (3 damage)
             ... while paralysed by Grinder
             ... on level 3 of the Dungeon on May 27, 2023.
             The game lasted 00:08:02 (2909 turns).

Groucho the Grasshopper (Armataur Warper)           Turns: 2909, Time: 00:08:02

Health: -1/38      AC:  4    Str: 16    XL:     4   Next: 51%
Magic:  7/7        EV:  1    Int: 16    God:
Gold:   68         SH:  0    Dex:  9    Spells: 5/7 levels left

rFire   . . .        a - +0 mace
rCold   . . .        (no shield)
rNeg    . . .        b - +0 leather armour
rPois   .            (no helmet)
rElec   .            (no cloak)
rCorr   .            (no gloves)
SInv    .            (no barding)
Will    .....        (no amulet)
Stlth   +            (no ring)
HPRegen 0.26/turn    (no ring)
MPRegen 0.10/turn

%: roll
@: paralysed
A: large, rugged brown scales 3, deformed body, armoured tail, roll, long
tongue, awkward tongue
a: no special abilities


You were on level 3 of the Dungeon.
You visited 1 branch of the dungeon, and saw 3 of its levels.

You collected 68 gold pieces.

Inventory:

Hand Weapons
 a - a +0 mace (weapon)
Missiles
 d - 7 boomerangs of dispersal (quivered)
Armour
 b - a +0 leather armour (worn)
Jewellery
 m - a ring of wizardry
Scrolls
 c - a scroll of blinking
 e - a scroll of fog {unknown}
 f - a scroll of amnesia {unknown}
 g - 2 scrolls of enchant weapon {unknown}
 h - a scroll of identify {unknown}
 l - a scroll of brand weapon {unknown}
 n - a scroll of butterflies {unknown}


   Skills:
 + Level 2.2 Fighting
 * Level 2.8 Maces & Flails
 - Level 0.8 Throwing
 + Level 2.3 Armour
 + Level 1.7 Dodging
 + Level 2.3 Spellcasting
 + Level 3.3 Translocations


You had 5 spell levels left.
You knew the following spells:

 Your Spells              Type           Power      Damage    Failure   Level
a - Blink                 Tloc           24%        N/A       10%         2

Your spell library contained the following spells:

 Spells                   Type           Power      Damage    Failure   Level
 Lesser Beckoning         Tloc           24%        N/A       10%         2
 Teleport Other           Tloc           12%        N/A       19%         3
 Summon Small Mammal      Summ           4%         N/A       24%         1
 Vhi's Electric Charge    Tloc/Air       14%        N/A       36%         3
 Manifold Assault         Tloc           12%        N/A       52%         4
 Call Canine Familiar     Summ           1%         N/A       58%         3
 Summon Guardian Golem    Hex/Summ       1%         N/A       58%         3


Dungeon Overview and Level Annotations

Branches:
Dungeon (3/15)

Altars:
Vehumet

Annotations:
D:3 Grinder


Innate Abilities, Weirdness & Mutations

You are completely covered in rugged brown scales. (AC +3, +7% HP)
Armour fits poorly on your strangely shaped body.
You have a long armoured tail.
You roll when moving toward enemies. (Rampage)
Your long tongue fully drains potion bottles. (2x potion effects)
Your tongue gives you trouble enunciating. (1.5x scroll delay)


Message History

Grinder hits you.
You writhe in agony.
Grinder gestures at you. Pain shoots through your body!
* * * LOW HITPOINT WARNING * * *
You can move again.
Unknown command.
Grinder attacks as you move away! Grinder hits you.
* * * LOW HITPOINT WARNING * * *
Grinder says, "What is the universe for?"
Grinder attacks as you move away! Grinder barely misses you. Grinder hits you.
* * * LOW HITPOINT WARNING * * *
There is a stone staircase leading up, spattered with blood here.
You hit Grinder but do no damage.
Grinder is lightly wounded.
Grinder hits you!
* * * LOW HITPOINT WARNING * * *
Unknown command.
Unknown command.
It was a potion of cancellation.
You feel magically purged.
You slurp down every last drop of the potion of cancellation!
Grinder hits you but does no damage.
Unknown command.
Unknown command.
You hit Grinder.
Grinder is moderately wounded.
Grinder barely misses you.
Unknown command.
Unknown command.
You hit Grinder but do no damage. You tail-slap Grinder!
Grinder is severely wounded.
Grinder barely misses you. Grinder closely misses you.
Unknown command.
Unknown command.
You hit Grinder but do no damage.
Grinder is heavily wounded.
Grinder gestures at you.
You suddenly lose the ability to move!
Grinder hits you.
You die...

.# .# #.# #.#####
#######......
.##..........#
........#.##.#
###.###5@..#.###..
#..#........
##...#.###.##
##..........
###..###... #..#
#..# #.#######..#
#ยง.........#


You could see Grinder.

Vanquished Creatures
  3 gnolls (D:2)
  2 adders (D:2)
  2 dart slugs
  12 ball pythons
  3 endoplasms (D:1)
  4 giant cockroaches
  5 goblins
  4 hobgoblins
  3 quokkas (D:1)
  3 bats
  2 frilled lizards
  5 kobolds
  2 rats (D:1)
50 creatures vanquished.

Notes
Turn   | Place    | Note
-------+----------+-------------------------------------------
     0 | D:1      | Groucho the Armataur Warper began the quest for the Orb.
     0 | D:1      | Reached XP level 1. HP: 18/18 MP: 3/3
   133 | D:1      | Reached XP level 2. HP: 25/25 MP: 4/4
   298 | D:1      | Learned a level 2 spell: Blink
   564 | D:1      | Reached XP level 3. HP: 31/31 MP: 4/6
  1579 | D:2      | Reached XP level 4. HP: 7/38 MP: 7/7
  1999 | D:2      | Identified the +6 spear "Dydent" {freeze, rF+ rC++ MP-9
                  | SInv}
  2187 | D:2      | HP: 1/38 [gnoll/+0 halberd (8)]
  2634 | D:2      | Found a radiant altar of Vehumet.
  2747 | D:3      | Noticed Grinder
  2751 | D:3      | Paralysed by Grinder for 2 turns
  2895 | D:3      | Paralysed by Grinder for 4 turns
  2904 | D:3      | HP: 1/38 [Grinder (8)]
  2908 | D:3      | Paralysed by Grinder for 3 turns
  2909 | D:3      | Slain by Grinder

Illustrated notes

Levels and vault maps discovered:
D:1:      psy_arrival_fountain, layout_loops_ring, serial_forest,
          infiniplex_forest_straight_3, infiniplex_forest_clump_medium,
          infiniplex_forest_lined_4_way, infiniplex_forest_lined_2,
          infiniplex_forest_split, infiniplex_forest_corner_1,
          minmay_crystal_room, glass_columns_a, minmay_indecisive_spiral
D:2:      layout_loops_cross, basic_altar, minmay_tromino_i2
D:3:      layout_loops_ring, gup_sewer_entry_spiral, uniq_sigmund, uniq_robin,
          uniq_grinder, uniq_natasha

Skill      XL: |  1  2  3 |
---------------+----------+-----
Maces & Flails | 2 |  2.8
Fighting       | 2 |  2.2
Spellcasting   | 2 |  2.3
Armour         | 2 |  2.3
Throwing       | |  0.8
Dodging        | |  1.7
Translocations | |  3.3

Action                     |  1- 3 |  4- 6 || total
---------------------------+-------+-------++-------
  Melee: Mace              |   284 |    66 ||   350
         Tailslap          |    60 |     4 ||    64
         Punch             |     3 |     2 ||     5
    Use: Potion            |       |     4 ||     4
 Armour: Leather armour    |    34 |    16 ||    50
  Dodge: Dodged            |    48 |    34 ||    82
